 Dungeon Crawl Stone Soup version 0.31-a0-345-g1ebeae05c6 (webtiles) character file.

Game seed: 16120524043177165067

295 promet the Sneak (level 6, -1/41 HPs)
             Began as an Octopode Hedge Wizard on July 22, 2023.
             Slain by Natasha (5 damage)
             ... on level 3 of the Dungeon.
             The game lasted 00:18:31 (6271 turns).

promet the Sneak (Octopode Hedge Wizard)            Turns: 6271, Time: 00:18:32

Health: -1/41      AC:  1    Str:  9    XL:     6   Next: 34%
Magic:  3/3        EV: 13    Int: 19    God:
Gold:   53         SH:  0    Dex: 11    Spells: 6/12 levels left

rFire   . . .        e - +0 dagger (antimagic)
rCold   . . .        (no shield)
rNeg    . . .        d - +0 hat
rPois   .            (no amulet)
rElec   .            (no ring)
rCorr   .            (no ring)
SInv    .            (no ring)
Will    .....        (no ring)
Stlth   +++          (no ring)
HPRegen 0.26/turn    (no ring)
MPRegen 0.08/turn    (no ring)
                     (no ring)

%: no passive effects
@: no status effects
A: almost no armour, amphibious, 8 rings, camouflage 1, gelatinous body 1,
(nimble swimmer 1), tentacles
a: no special abilities


You were on level 3 of the Dungeon.
You visited 1 branch of the dungeon, and saw 3 of its levels.

You collected 53 gold pieces.

Inventory:

Hand Weapons
 a - a +3 dagger
 b - a +0 sling
 e - a +0 antimagic dagger (weapon)
 m - a +0 dagger
Missiles
 i - 28 stones
 j - 8 poisoned darts
 l - 2 boomerangs
Armour
 d - a +0 hat (worn)
Jewellery
 f - a ring of ice
Wands
 o - a wand of roots (12)
Scrolls
 g - 2 scrolls of torment
 k - a scroll of fear
Potions
 c - a potion of magic
 h - 2 potions of resistance {unknown}
 n - a potion of brilliance {unknown}


   Skills:
 * Level 2.4 Fighting
 + Level 2.9 Short Blades
 + Level 2.4 Dodging
 + Level 4.4 Stealth
 + Level 3.8 Spellcasting
 + Level 1.8 Conjurations
 + Level 1.4 Summonings
 + Level 1.0 Translocations


You had 6 spell levels left.
You knew the following spells:

 Your Spells              Type           Power      Damage    Failure   Level
a - Magic Dart            Conj           40%        1d5       7%          1
b - Slow                  Hex            12%        N/A       14%         1
c - Blink                 Tloc           14%        N/A       14%         2
d - Call Imp              Summ           18%        N/A       12%         2

Your spell library contained the following spells:

 Spells                   Type           Power      Damage    Failure   Level
 Cigotuvi's Dreadful Rot  Necr/Pois/Air  6%         N/A       22%         2
 Ensorcelled Hibernation  Hex/Ice        6%         N/A       22%         2
 Scorch                   Fire           6%         2d5       22%         2
 Mephitic Cloud           Conj/Pois/Air  5%         N/A       32%         3
 Flame Wave               Conj/Fire      7%         2d5       67%         4
 Anguish                  Hex/Necr       1%         N/A       80%         4
 Summon Cactus Giant      Summ           4%         N/A       100%        6


Dungeon Overview and Level Annotations

Branches:
Dungeon (3/15)

Altars:

Shops:
D:3 [

Annotations:
D:3 Grinder, Natasha


Innate Abilities, Weirdness & Mutations

You cannot wear most types of armour.
You are amphibious.
You can wear up to eight rings at the same time.
Your skin changes colour to match your surroundings (Stealth+).
Your rubbery body absorbs attacks. (AC +1, EV +1)
((You are camouflaged when in or above water. (Stealth+)))
You have tentacles for arms and can constrict up to eight enemies at once.


Message History

You hit Natasha but do no damage. Your grab misses Natasha.
Your squeeze misses Natasha.
Your cerulean imp closely misses the cerulean imp.
The cerulean imp barely misses you.
You barely miss Natasha. Your grab misses Natasha. Natasha closely misses you.
Your cerulean imp hits the cerulean imp from afar with a -4 spear.
The cerulean imp hits you with a +1 spear.
You hit the cerulean imp. Your grab misses the cerulean imp.
You squeeze the cerulean imp.
The cerulean imp is heavily wounded.
Natasha claws you.
Your cerulean imp hits the cerulean imp from afar with a -4 spear.
The cerulean imp barely misses you. The orc closely misses you.
You closely miss the cerulean imp. Your grab misses the cerulean imp.
You squeeze the cerulean imp.
The cerulean imp is almost dead.
Natasha closely misses you.
Your cerulean imp barely misses the cerulean imp.
The cerulean imp hits you with a +1 spear.
The orc hits you with a +0 club.
You swap places.
Your cerulean imp barely misses the cerulean imp.
The orc closely misses your cerulean imp.
The cerulean imp hits you from afar with a +1 spear.
* * * LOW HITPOINT WARNING * * *
The cerulean imp hits you from afar with a +1 spear.
* * * LOW HITPOINT WARNING * * *
Natasha casts a spell at you. The magic dart hits you!
* * * LOW HITPOINT WARNING * * *
You hit Natasha but do no damage. Your grab misses Natasha.
You squeeze Natasha.
Natasha is moderately wounded.
Your cerulean imp barely misses the cerulean imp.
The cerulean imp closely misses you.
You hit Natasha but do no damage. Your grab misses Natasha.
You squeeze Natasha.
Natasha is severely wounded.
Natasha claws you.
You die...

# ##.#######.###.## *##
#####.o#######.###.##*#.##**#**##
..[....#######.###.###...##..,...
#####.o#####....O...........#*###
....)........#.###...........,,..
####.#.####..#............#***#..
# #.###...#.....b...##...## #.# #
##[#.##.#....#ho5.#*#..#***##.# #
##....#.....#@#..# *#...,,,... #
#....###......5..# *####**#.# #
#.###.#..#.##.##.# #.. #
#.####.#.#.##.##.# ##.. # #.#
#.#.#..)....######## #... #.#
#.#.#..............# #.#. #.#
#.#.#.#####.######.# #.#.
##.####.#.#.# #.# ###.# #.#.
###........#..# #.# #...# #.#.


You could see Natasha, a cerulean imp (summoned, ally target), an orc, a bat and
a friendly cerulean imp (summoned).

Vanquished Creatures
  A phantom (D:3)
  2 orc priests
  Ijyb (D:3)
  3 adders (D:2)
  2 worms (D:3)
  7 orcs (D:3)
  3 bats (D:1)
  4 endoplasms
  3 giant cockroaches
  8 goblins
  7 hobgoblins
  2 jackals (D:2)
  2 quokkas
  4 ball pythons
  3 frilled lizards
  5 kobolds
  11 rats
68 creatures vanquished.

Vanquished Creatures (collateral kills)
  Natasha (D:3)
  An endoplasm (D:2)
  A hobgoblin (D:2)
  3 kobolds
6 creatures vanquished.

Grand Total: 74 creatures vanquished

Notes
Turn   | Place    | Note
-------+----------+-------------------------------------------
     0 | D:1      | promet the Octopode Hedge Wizard began the quest for the
                  | Orb.
     0 | D:1      | Reached XP level 1. HP: 11/11 MP: 4/4
   285 | D:1      | Reached XP level 2. HP: 15/17 MP: 4/6
   444 | D:1      | Learned a level 1 spell: Slow
   447 | D:1      | Learned a level 2 spell: Blink
   450 | D:1      | Learned a level 2 spell: Call Imp
  1195 | D:1      | Reached XP level 3. HP: 22/22 MP: 7/7
  1550 | D:2      | Reached skill level 1 in Short Blades
  2145 | D:2      | Reached skill level 3 in Stealth
  2433 | D:2      | Found a faded altar of an unknown god.
  2820 | D:2      | Reached XP level 4. HP: 27/27 MP: 9/9
  3571 | D:3      | Found Obbaonoc's Armour Shop.
  3581 | D:3      | Noticed Grinder
  3798 | D:3      | Reached skill level 1 in Fighting
  3807 | D:2      | Reached skill level 4 in Stealth
  3807 | D:2      | Reached XP level 5. HP: 25/33 MP: 7/10
  4484 | D:3      | Noticed a phantom
  4544 | D:3      | Noticed Ijyb
  4551 | D:3      | Killed Ijyb
  4818 | D:3      | Noticed Natasha
  4825 | D:3      | Killed Natasha
  5293 | D:3      | Noticed an ogre
  5613 | D:3      | Killed a phantom
  5614 | D:3      | Reached XP level 6. HP: 25/41 MP: 11/11
  5763 | D:3      | Noticed Natasha
  6271 | D:3      | Slain by Natasha

Illustrated notes

Levels and vault maps discovered:
D:1:      tarquinn_simple_flora_water_a, layout_basic
D:2:      layout_loops_corners, ebering_ecumenical_altar_petrified,
          serial_aquarium, aquarium_bridge_straight [aquarium_subvault_bridge,
          aquarium_subvault_window, aquarium_subvault_bridge,
          aquarium_subvault_wall], aquarium_window_corridor_3,
          aquarium_window_fake, aquarium_window_fake, aquarium_window_fake,
          aquarium_view_2f, aquarium_view_2e, minivault_19
D:3:      layout_loops_ring, serial_shops, nicolae_shop_tiny_waterfront,
          uniq_natasha, uniq_grinder, uniq_ijyb

Skill      XL: |  1  2  3  4  5 |
---------------+----------------+-----
Short Blades   | 1 2 |  2.9
Stealth        | 3 4 |  4.4
Fighting       | 1 2 |  2.4
Dodging        | |  2.4
Spellcasting   | |  3.8
Conjurations   | |  1.8
Summonings     | |  1.4
Translocations | |  1.0

Action                     |  1- 3 |  4- 6 || total
---------------------------+-------+-------++-------
  Melee: Dagger            |    65 |    94 ||   159
         Tentacles         |    13 |    21 ||    34
         Constrict         |    11 |    19 ||    30
         Punch             |     1 |     1 ||     2
   Fire: Sling             |       |     2 ||     2
   Cast: Magic Dart        |    22 |    18 ||    40
         Call Imp          |     1 |    11 ||    12
         Blink             |       |     2 ||     2
    Use: Scroll            |     6 |     2 ||     8
         Potion            |       |     1 ||     1
   Stab: Sleeping          |     8 |     6 ||    14
         Distracted        |       |     1 ||     1
 Armour: Skin              |     6 |     8 ||    14
  Dodge: Dodged            |    39 |    65 ||   104

Table legend: (Time is in decaauts)
 A = Elapsed time spent in this place.
 B = Non-inter-level travel time spent in this place.
 C = Inter-level travel time spent in this place.
 D = Time resting spent in this place.
 E = Time spent auto-exploring this place.
 F = Levels seen in this place.
 G = Mean time per level.
                   A        B        C        D        E       F      G
               +--------+--------+--------+--------+--------+-----+--------+
         Total |   6258 |   6079 |    179 |   3191 |   1375 |   3 | 2086.0 |
       Dungeon |   6258 |   6079 |    179 |   3191 |   1375 |   3 | 2086.0 |
               +--------+--------+--------+--------+--------+-----+--------+

Top non-repeatable levels by time:
     D:2: 2678 daAuts
     D:3: 2067 daAuts
     D:1: 1512 daAuts
